 Dungeon Sprint DCSS version 0.27.1-1-g398f81649c (webtiles) character file.

Game seed: 9779322710911872619

16926 boopmooplesden the Hoplite (level 12, -5/121 HPs)
             Began as a Minotaur Fighter on Sept 17, 2021.
             Was the Champion of the Shining One.
             Slain by a storm dragon (11 damage)
             ... in the Dungeon (Sprint V: "Ziggurat Sprint").
             The game lasted 00:07:34 (819 turns).

boopmooplesden the Hoplite (Minotaur Fighter)        Turns: 819, Time: 00:07:34

Health: -5/121     AC: 31    Str: 30    XL:     12   Next: 14%
Magic:  0/14       EV:  5    Int:  5    God:    the Shining One [******]
Gold:   0          SH: 44    Dex: 22    Spells: 11/11 levels left

rFire    . . .     SeeInvis .   G - +6 shillelagh "Devastator" {shatter}
rCold    + + .     Faith    .   F - +18 shield of the Gong {rElec rN+ Will+ EV-5}
rNeg     + + +     Spirit   +   E - +15 Maxwell's patent armour {-Cast -Tele rElec Will+ rCorr}
rPois    .         Reflect  .   (helmet restricted)
rElec    +         Harm     .   (no cloak)
rCorr    +         Rampage  .   (no gloves)
Will     ++...     NoTele   +   (no boots) Stlth ..........NoCast +
                                I - amulet of Diuryppe {Spirit rC+ Regen+}
HPRegen  1.30/turn              y - +6 ring of strength
MPRegen  0.14/turn              Q - ring of the Six Thickets {Wiz Drain rC+ Dex+10}

@: divinely shielded, glowing, studying Translocations
A: horns 2, retaliatory headbutt
a: Renounce Religion, Divine Shield, Cleansing Flame, Summon Divine Warrior,
Brand Weapon With Holy Wrath


You were in the Dungeon.
You worshipped the Shining One.
The Shining One was exalted by your worship.
You visited 1 branch

Inventory:

Hand Weapons
 a - a +0 flail
 G - the +6 shillelagh "Devastator" (weapon) {shatter}
   (You found it in the Dungeon)

   It releases a powerful concussive burst when it strikes, dealing extra damage
   to the target and all other foes adjacent to them.
Armour
 b - a +0 scale mail
 c - a +0 kite shield
 E - the +15 Maxwell's patent armour (worn) {-Cast -Tele rElec Will+ rCorr}
   (You found it in the Dungeon)

   rElec:     It insulates you from electricity.
   -Cast:     It prevents spellcasting.
   -Tele:     It prevents most forms of teleportation.
   rCorr:     It protects you from acid and corrosion.
   Will:      It increases your willpower.
 F - the +18 shield of the Gong (worn) {rElec rN+ Will+ EV-5}
   (You found it in the Dungeon)

   It is deafeningly noisy when blocking attacks.
   EV:        It affects your evasion (-5).
   rElec:     It insulates you from electricity.
   rN:        It protects you from negative energy.
   Will:      It increases your willpower.
 M - the +1 crystal plate armour of the Arcane {Int+2 Dex-4 Slay+3 Stlth+}
   (You found it in the Dungeon)

   Int:       It affects your intelligence (+2).
   Dex:       It affects your dexterity (-4).
   Slay:      It affects your accuracy & damage with ranged weapons and melee
   (+3).
   Stlth:     It makes you more stealthy.
Jewellery
 t - a ring of flight
 u - a +6 ring of dexterity
 v - a +6 ring of dexterity
 w - a +6 ring of intelligence
 x - a +6 ring of intelligence
 y - a +6 ring of strength (left hand)
 z - a +6 ring of strength
 I - the amulet of Diuryppe (around neck) {Spirit rC+ Regen+}
   (You found it in the Dungeon)

   [amulet of guardian spirit]

   It causes incoming damage to be divided between your reserves of health and
   magic.
   rC:        It protects you from cold.
   Regen:     It increases your rate of health regeneration.
 K - an amulet of the acrobat
 L - an amulet of regeneration
 N - the amulet "Okabegg" {rC+ Regen+}
   (You found it in the Dungeon)

   [amulet of regeneration]

   rC:        It protects you from cold.
   Regen:     It increases your rate of health regeneration.
 O - the ring of Ijitt {rC+ Will+ MP+9 Int-4 Stlth+}
   (You found it in the Dungeon)

   [ring of magical power]

   Int:       It affects your intelligence (-4).
   rC:        It protects you from cold.
   MP:        It affects your magic capacity (+9).
   Will:      It increases your willpower.
   Stlth:     It makes you more stealthy.
 Q - the ring of the Six Thickets (right hand) {Wiz Drain rC+ Dex+10}
   (You found it in the Dungeon)

   [ring of wizardry]

   It improves your spell success rate.
   Dex:       It affects your dexterity (+10).
   rC:        It protects you from cold.
   Drain:     It drains your maximum health when unequipped.
Wands
 A - a wand of mindburst (7)
 B - a wand of iceblast (7)
 C - a wand of acid (15)
Scrolls
 j - 4 scrolls of blinking
 o - 4 scrolls of amnesia
 p - 7 scrolls of fog
 q - a scroll of holy word
 r - 5 scrolls of identify
 s - 2 scrolls of fear
Potions
 d - 7 potions of might
 e - 10 potions of curing
 f - 8 potions of heal wounds
 g - 10 potions of haste
 h - 7 potions of magic
 i - 3 potions of berserk rage
 k - 2 potions of brilliance
 l - 2 potions of invisibility
 m - 4 potions of resistance
 n - a potion of experience
Miscellaneous
 D - a lightning rod (4/4)
 H - a piece from Xom's chessboard (15/15)
 J - a piece from Xom's chessboard (15/15)
 P - a lightning rod (4/4)


   Skills:
 + Level 15.3 Fighting
 + Level 16.8 Maces & Flails
 + Level 14.4 Armour
 + Level 3.6 Dodging
 + Level 22.2 Shields
 + Level 5.1 Invocations


You had 11 spell levels left.
You didn't know any spells.
Your spell library contained the following spells:

 Spells                   Type           Power      Damage    Failure   Level
 Beastly Appendage        Tmut           0%         N/A       71%         1
 Passwall                 Tmut/Erth      0%         N/A       85%         2
 Static Discharge         Conj/Air       0%         N/A       85%         2
 Ignite Poison            Fire/Tmut/Pois 0%         N/A       96%         3
 Ozocubu's Armour         Ice            0%         N/A       96%         3
 Stone Arrow              Conj/Erth      0%         3d7       96%         3
 Dispel Undead            Necr           0%         3d6       100%        4
 Alistair's Intoxication  Tmut/Pois      0%         N/A       100%        5
 Bolt of Magma            Conj/Fire/Erth 0%         4d4       100%        5
 Borgnjor's Vile Clutch   Necr/Erth      0%         N/A       100%        5
 Fireball                 Conj/Fire      0%         3d3       100%        5
 Lightning Bolt           Conj/Air       0%         1d11      100%        5
 Metabolic Englaciation   Hex/Ice        0%         N/A       100%        5
 Conjure Ball Lightning   Conj/Air       0%         3x3d6     100%        6
 Eringya's Noxious Bog    Tmut/Pois      0%         N/A       100%        6
 Simulacrum               Ice/Necr       0%         N/A       100%        6
 Starburst                Conj/Fire      0%         6d3       100%        6
 Discord                  Hex            0%         N/A       100%        8
 Disjunction              Tloc           0%         N/A       100%        8
 Ignition                 Fire           0%         3d3       100%        8
 Maxwell's Capacitive Co  Air            0%         ∞         100%        8
 Chain Lightning          Conj/Air       0%         N/A       100%        9
 Shatter                  Erth           0%         3d5*      100%        9


Dungeon Overview and Level Annotations

Branches:
Dungeon (1/1)

Altars:
Ashenzari
Cheibriados
Dithmenos
Elyvilon
Fedhas
Gozag
Hepliaklqana
Kikubaaqudgha
Makhleb
Nemelex Xobeh
Okawaru
Qazlal
Ru
Sif Muna
Trog
Uskayaw
Vehumet
Wu Jian
Xom
Yredelemnul
Zin
The Shining One
Beogh
Jiyva
Lugonu


Innate Abilities, Weirdness & Mutations

You have a pair of horns on your head.
You reflexively headbutt those who attack you in melee.


Message History

BOUMMMMG!
The storm dragon claws you but does no damage.
You block the storm dragon's attack.
PANG!
The storm dragon bites you but does no damage.
You block the storm dragon's attack.
BOUMMMMG!
You block the storm dragon's attack.
PTOANNNG!
You thump the wind drake!
The wind drakes and the storm dragons shudder.
The wind drake is moderately wounded.
The wind drake is heavily wounded.
The storm dragon is lightly wounded.
The wind drake is moderately wounded.
You block the storm dragon's attack.
BONNNG!
You block the storm dragon's attack.
BONNNG!
The storm dragon tramples you.
* * * LOW HITPOINT WARNING * * *
You hold your ground!
You block the wind drake's attack.
GONNNNG!
The wind drake flaps its wings at you. The air twists around and strikes you.
Your Maxwell's patent armour prevents you from hitting the wind drake.
The wind drake is moderately wounded.
You block the storm dragon's attack.
GONNNNG!
You block the storm dragon's attack.
GONNNNG!
You block the storm dragon's attack.
GONNNNG!
You block the storm dragon's attack.
PANG!
The storm dragon claws you.
* * * LOW HITPOINT WARNING * * *
The storm dragon tramples you but does no damage.
The storm dragon bites you!
You die...

▓...}k|=Dk..▓...8©8.
▓...........▓...)|..
▓....D......▓...[)}.
▓k..i.......▓.......
▓.......... ▓......)
▓. ▓.....▓ ▓...))).
▓.▓▓▓...▓▓ ▓.....).
▓kk▓Dk...▓..▓.▓...).
▓DD@Dk©.....▓....©..
▓▓▓▓▓▓▓▓▓▓▓▓▓▓▓▓▓▓▓▓
▓...8©8...▓...8©8...
▓..).)."|.▓..}|)....
▓..|)=[}..▓..}[.}|..
▓.........▓.........
▓.........▓.........
▓....)....▓....)....
▓....)....▓...).)...


You could see 4 storm dragons and 4 wind drakes.

Vanquished Creatures
  A tentacled starspawn (D)
  A storm dragon (D)
  A vault warden (D)
  An ironbound preserver (D)
  2 spriggan air magi (D)
  Erolcha (D)
  A naga warrior (D)
  3 vault guards (D)
  A thrashing horror (D)
  Urug (D)
  A wolf spider (D)
  A naga mage (D)
  A black mamba (D)
  3 draconians (D)
  2 guardian serpents (D)
  2 yaktaurs (D)
  A jumping spider (D)
  A large abomination (D)
  Grinder (D)
  3 redbacks (D)
  3 air elementals (D)
  A naga (D)
  A hell hound (D)
  2 water moccasins (D)
  An orc warrior (D)
  A scorpion (D)
  Dowan (D)
  5 quasits (D)
  2 crimson imps (D)
  An orc priest (D)
  Terence (D)
  2 orc wizards (D)
  2 adders (D)
  2 shadow imps (D)
  3 white imps (D)
  3 ufetubi (D)
  3 adder skeletons (D)
  An adder zombie (D)
  2 orcs (D)
  5 ball pythons (D)
  A ball python skeleton (D)
  A ball python zombie (D)
73 creatures vanquished.

Vanquished Creatures (others)
  2 starspawn tentacles (D)
2 creatures vanquished.

Grand Total: 75 creatures vanquished

Notes
Turn   | Place    | Note
-------+----------+-------------------------------------------
     0 | D        | boopmooplesden the Minotaur Fighter began the quest for the
                  | Orb.
     0 | D        | Reached XP level 1. HP: 19/19 MP: 0/0
     0 | D        | Found a shimmering blue altar of Sif Muna.
     0 | D        | Found a sacrificial altar of Ru.
     0 | D        | Found a bloodstained altar of Trog.
     0 | D        | Found a stormy altar of Qazlal.
     0 | D        | Found an iron altar of Okawaru.
     0 | D        | Found a sparkling altar of Nemelex Xobeh.
     0 | D        | Found a blossoming altar of Fedhas.
     0 | D        | Found the +6 Majin-Bo {vamp, MP+6 Int+6}
     0 | D        | Found the +9 heavy crossbow "Sniper" {vorpal, Acc+∞ SInv}
     0 | D        | Found the +10 dark maul {vorpal}
     0 | D        | Found the +15 Maxwell's patent armour {-Cast -Tele rElec
                  | Will+ rCorr}
     0 | D        | Found the +18 shield of the Gong {rElec rN+ Will+ EV-5}
     0 | D        | Found the +14 obsidian axe {vorpal, Drain Fly SInv}
     0 | D        | Found the +7 great mace "Firestarter" {inner flame, rF++}
     0 | D        | Found the +6 shillelagh "Devastator" {shatter}
     0 | D        | Found the +11 plutonium sword {Contam Stlth-}
     0 | D        | Found the +8 lance "Wyrmbane" {slay drac, rPois rF+ rC+
                  | AC+3}
     0 | D        | Found the +9 sword of Zonguldrok {reap}
     0 | D        | Found the +13 scythe of Curses {drain, Drain}
     0 | D        | Found the +5 sword of Power {vorpal}
     0 | D        | Found the +7 mace of Variability {chain chaos}
     0 | D        | Found the +7 Singing Sword {vorpal, sonic wave}
     0 | D        | Found the +8 storm bow {elec, penet}
     2 | D        | Found a transporter.
     2 | D        | Found an ancient bone altar of Kikubaaqudgha.
     2 | D        | Found a viscous altar of Jiyva.
     2 | D        | Found a corrupted altar of Lugonu.
     2 | D        | Found a hazy altar of Hepliaklqana.
     2 | D        | Found a burning altar of Makhleb.
     2 | D        | Found an opulent altar of Gozag.
   131 | D        | Became a worshipper of the Shining One
   146 | D        | Entered arena 2.
   146 | D        | Noticed an air elemental
   146 | D        | Noticed an air elemental
   146 | D        | Found a transporter.
   149 | D        | Paralysed by an air elemental for 1 turns
   151 | D        | Killed an air elemental
   152 | D        | Reached skill level 7 in Shields
   152 | D        | Reached XP level 2. HP: 10/34 MP: 1/1
   152 | D        | Reached XP level 3. HP: 12/39 MP: 2/2
   152 | D        | Reached XP level 4. HP: 15/47 MP: 3/3
   152 | D        | Reached XP level 5. HP: 16/52 MP: 4/4
   152 | D        | Paralysed by an air elemental for 1 turns
   154 | D        | Paralysed by an air elemental for 1 turns
   155 | D        | Killed an air elemental
   156 | D        | Reached skill level 5 in Maces & Flails
   156 | D        | Reached skill level 9 in Shields
   156 | D        | Reached XP level 6. HP: 16/62 MP: 5/5
   386 | D        | Entered arena 3.
   386 | D        | Noticed a draconian
   386 | D        | Reached * piety under the Shining One
   386 | D        | Noticed a draconian
   386 | D        | Noticed a draconian
   386 | D        | Found a transporter.
   392 | D        | Killed a draconian
   393 | D        | Reached skill level 10 in Fighting
   393 | D        | Reached skill level 10 in Armour
   393 | D        | Reached skill level 11 in Shields
   393 | D        | Reached XP level 7. HP: 69/72 MP: 6/6
   396 | D        | Killed a draconian
   397 | D        | Reached skill level 1 in Dodging
   397 | D        | Reached skill level 12 in Shields
   405 | D        | Killed a draconian
   406 | D        | Reached skill level 13 in Shields
   406 | D        | Reached XP level 8. HP: 73/82 MP: 7/7
   445 | D        | Entered arena 4.
   445 | D        | Found a transporter.
   452 | D        | Got the amulet of Diuryppe {Spirit rC+ Regen+}
   463 | D        | Entered arena 5.
   463 | D        | Reached ** piety under the Shining One
   463 | D        | Noticed a thrashing horror
   463 | D        | Reached *** piety under the Shining One
   463 | D        | Found a transporter.
   470 | D        | Killed a thrashing horror
   471 | D        | Reached skill level 10 in Maces & Flails
   471 | D        | Reached skill level 14 in Shields
   471 | D        | Reached XP level 9. HP: 90/90 MP: 8/8
   476 | D        | Entered arena 6.
   476 | D        | Reached **** piety under the Shining One
   476 | D        | Reached ***** piety under the Shining One
   476 | D        | Found a transporter.
   486 | D        | Got the Disquisition on Torrid Necromancy
   492 | D        | Entered arena 7.
   492 | D        | Reached ****** piety under the Shining One
   493 | D        | Found a transporter.
   508 | D        | Entered arena 8.
   508 | D        | Noticed a wolf spider
   508 | D        | Noticed a jumping spider
   509 | D        | Found a transporter.
   514 | D        | Reached skill level 15 in Shields
   514 | D        | Killed a wolf spider
   519 | D        | Killed a jumping spider
   522 | D        | Got the +1 crystal plate armour of the Arcane {Int+2 Dex-4
                  | Slay+3 Stlth+}
   528 | D        | Entered arena 9.
   529 | D        | Found a transporter.
   549 | D        | Entered arena 10.
   549 | D        | Noticed a vault guard
   549 | D        | Noticed a yaktaur
   549 | D        | Noticed a vault warden
   549 | D        | Noticed an ironbound preserver
   549 | D        | Noticed a yaktaur
   549 | D        | Noticed a vault guard
   549 | D        | Noticed a vault guard
   551 | D        | Found a transporter.
   560 | D        | Killed a vault warden
   561 | D        | Reached skill level 16 in Shields
   561 | D        | Reached skill level 1 in Invocations
   561 | D        | Reached XP level 10. HP: 40/101 MP: 2/9
   562 | D        | Killed an ironbound preserver
   563 | D        | Reached skill level 17 in Shields
   565 | D        | Killed a vault guard
   566 | D        | Reached skill level 18 in Shields
   568 | D        | Killed a vault guard
   569 | D        | Reached XP level 11. HP: 36/108 MP: 2/11
   573 | D        | Killed a vault guard
   574 | D        | Reached skill level 15 in Maces & Flails
   574 | D        | Reached skill level 19 in Shields
   592 | D        | Got the amulet "Okabegg" {rC+ Regen+}
   646 | D        | Entered arena 11.
   646 | D        | Noticed a tentacled starspawn
   647 | D        | Found a transporter.
   655 | D        | Killed a tentacled starspawn
   664 | D        | Got the ring of Ijitt {rC+ Will+ MP+9 Int-4 Stlth+}
   685 | D        | Entered arena 12.
   685 | D        | Noticed Erolcha
   685 | D        | Noticed Urug
   685 | D        | Noticed Terence
   685 | D        | Noticed Grinder
   686 | D        | Noticed Dowan
   688 | D        | Found a transporter.
   694 | D        | Killed Grinder
   695 | D        | Killed Urug
   696 | D        | Reached skill level 20 in Shields
   697 | D        | Killed Terence
   700 | D        | Killed Dowan
   706 | D        | Killed Erolcha
   734 | D        | Entered arena 13.
   735 | D        | Noticed a naga warrior
   743 | D        | Reached skill level 21 in Shields
   744 | D        | Found a transporter.
   749 | D        | Killed a naga warrior
   757 | D        | Got the ring of the Six Thickets {Wiz Drain rC+ Dex+10}
   765 | D        | Got the Papyrus of Gliding Transmutation
   773 | D        | Entered arena 14.
   774 | D        | Noticed a spriggan air mage
   774 | D        | Noticed a storm dragon
   774 | D        | Noticed a storm dragon
   774 | D        | Noticed a spriggan air mage
   774 | D        | Paralysed by an air elemental for 1 turns
   774 | D        | Noticed a storm dragon
   776 | D        | Paralysed by an air elemental for 1 turns
   782 | D        | Reached skill level 15 in Fighting
   786 | D        | Killed a spriggan air mage
   786 | D        | Noticed a storm dragon
   790 | D        | Noticed a storm dragon
   808 | D        | HP: 3/112 [wind drake/the air (13)]
   809 | D        | Killed a storm dragon
   809 | D        | HP: 1/112 [wind drake/the air (2)]
   809 | D        | The Shining One protects you from harm!
   810 | D        | Reached skill level 22 in Shields
   810 | D        | Reached skill level 5 in Invocations
   810 | D        | Reached XP level 12. HP: 1/121 MP: 0/14
   815 | D        | The Shining One protects you from harm!
   816 | D        | Killed a spriggan air mage
   819 | D        | HP: 6/121 [storm dragon (2)]
   819 | D        | Slain by a storm dragon

Illustrated notes

Levels and vault maps discovered:
D:        sprint_v [room_start, room_1, room_2, room_3, room_4, room_5, room_6,
          room_7, room_8, room_9, room_10, room_11, room_12, room_13, room_14,
          room_15, room_16, room_17, room_18, room_19, room_20, room_21,
          room_22, room_23, room_24, room_25, room_26, room_27]

Skill      XL: |  1  2  3  4  5  6  7  8  9 10 11 |
---------------+----------------------------------+-----
Fighting       | 7 8 10 11 12 13 15 | 15.3
Maces & Flails | 4 5 7 9 10 13 14 16 | 16.8
Armour         | 7 9 10 11 12 13 14 | 14.4
Shields        | 7 9 11 13 14 16 18 22 | 22.2
Dodging        | 1 2 3 |  3.6
Invocations    | 1 2 5 |  5.1

Action                   |  1- 3 |  4- 6 |  7- 9 | 10-12 || total
-------------------------+-------+-------+-------+-------++-------
Melee: Shillelagh        |     5 |     8 |    46 |    83 ||   142
       Headbutt          |     1 |     1 |     9 |    21 ||    32
Invok: Divine Shield     |       |       |     2 |     3 ||     5
       Cleansing Flame   |       |       |       |     1 ||     1
  Use: Potion            |       |       |       |     2 ||     2
Armor: Plate armour      |    12 |     3 |    21 |    78 ||   114
Dodge: Dodged            |       |     2 |       |    19 ||    21
Block: Kite shield       |    16 |    17 |    70 |   181 ||   284
